 Dungeon Crawl Stone Soup version 0.27.1-2-g3b301248ec (webtiles) character file.

Game seed: 8221301800792152578

338 Crownlay the Sneak (level 6, -1/39 HPs)
             Began as an Octopode Earth Elementalist on Sept 30, 2021.
             Slain by an orc (3 damage)
             ... on level 2 of the Dungeon.
             The game lasted 00:05:38 (4194 turns).

Crownlay the Sneak (Octopode Earth Elementalist)    Turns: 4194, Time: 00:05:38

Health: -1/39      AC:  1    Str:  8    XL:     6   Next: 55%
Magic:  5/10       EV: 13    Int: 19    God:
Gold:   75         SH:  0    Dex: 12    Spells: 9/10 levels left

rFire    . . .     SeeInvis .   c - +0 dagger
rCold    . . .     Faith    .   (no shield)
rNeg     . . .     Spirit   .   (helmet restricted)
rPois    .         Reflect  .   (no amulet)
rElec    .         Harm     .   (no ring)
rCorr    .         Rampage  .   (no ring)
Will     .....                  (no ring)
Stlth    ++........             (no ring)
HPRegen  0.13/turn              (no ring)
MPRegen  0.12/turn              (no ring)
                                (no ring)
                                (no ring)

@: confused
A: almost no armour, amphibious, 8 rings, camouflage 1, gelatinous body 1,
(nimble swimmer 1), tentacles
a: no special abilities


You were on level 2 of the Dungeon.
You visited 1 branch of the dungeon, and saw 4 of its levels.

You collected 75 gold pieces.

Inventory:

Hand Weapons
 c - a +0 dagger (weapon)
Missiles
 b - 114 stones
 k - a throwing net
Scrolls
 a - a scroll of fear {unknown}
 d - a scroll of immolation {unknown}
 e - 2 scrolls of blinking {unknown}
 f - a scroll of enchant weapon {unknown}
 g - a scroll of teleportation {unknown}
 h - 2 scrolls of identify {unknown}
 i - 2 scrolls of amnesia {unknown}
 m - 2 scrolls of enchant armour {unknown}
 o - a scroll of acquirement {unknown}
 p - a scroll of fog {unknown}
Potions
 j - a potion of curing {unknown}
 l - a potion of mutation {unknown}
 n - a potion of flight {unknown}


   Skills:
 * Level 2.1 Fighting
 - Level 2.0 Dodging
 * Level 5.6 Stealth
 * Level 2.9 Spellcasting
 - Level 1.0 Transmutations
 + Level 5.1 Earth Magic


You had 9 spell levels left.
You knew the following spells:

 Your Spells              Type           Power      Damage    Failure   Level
a - Sandblast             Erth           44%        2d11      1%          1

Your spell library contained the following spells:

 Spells                   Type           Power      Damage    Failure   Level
 Passwall                 Tmut/Erth      11%        N/A       7%          2
 Foxfire                  Conj/Fire      8%         2x1d4     16%         1
 Freeze                   Ice            8%         1d3       16%         1
 Stone Arrow              Conj/Erth      24%        3d8       16%         3
 Petrify                  Tmut/Erth      14%        N/A       41%         4
 Conjure Flame            Conj/Fire      2%         6-21      43%         3
 Frozen Ramparts          Ice            4%         1d2       43%         3
 Inner Flame              Hex/Fire       2%         N/A       43%         3
 Summon Guardian Golem    Hex/Summ       2%         N/A       43%         3
 Hailstorm                Conj/Ice       2%         3d3       83%         4
 Summon Ice Beast         Ice/Summ       2%         N/A       83%         4
 Summon Mana Viper        Hex/Summ       2%         N/A       99%         5
 Monstrous Menagerie      Summ           1%         N/A       100%        7
 Orb of Destruction       Conj           1%         N/A       100%        7
 Spellforged Servitor     Conj/Summ      1%         N/A       100%        7


Dungeon Overview and Level Annotations

Branches:
Dungeon (4/15)
 Temple: D:4-7

Altars:


Innate Abilities, Weirdness & Mutations

You cannot wear most types of armour.
You are amphibious.
You can wear up to eight rings at the same time.
Your skin changes colour to match your surroundings (Stealth+).
Your rubbery body absorbs attacks. (AC +1, EV +1)
((You are camouflaged near water. (Stealth+)))
You have tentacles for arms and can constrict up to eight enemies at once.


Message History

You kill the orc!
The blast of sand hits the orc wizard.
The orc wizard is heavily wounded.
The orc wizard points at you and mumbles some strange words.
You resist with some effort. Something hits you.
The blast of sand misses the orc.
The orc closely misses you. Something hits you but does no damage.
The blast of sand hits the orc wizard!
You kill the orc wizard!
The orc barely misses you. Something hits you but does no damage.
The blast of sand misses the orc.
The orc hits you with a +0 hand axe.
You hear some strange, mumbled words.
You are confused.
You're too confused to cast spells.
The orc hits you with a +0 hand axe. Something hits you.
You climb upwards.
Reactivating autopickup.
There is a stone staircase leading down here.
The orc hits you with a +0 hand axe. Something hits you.
Deactivating autopickup; reactivate with Ctrl-A.
The orc barely misses you.
There is a stone staircase leading up here.
The orc barely misses you. Something hits you.
In your confused state, you trip and fall back down the stairs.
* * * LOW HITPOINT WARNING * * *
You feel less confused. The orc closely misses you.
You hear some strange, mumbled words.
You are confused.
The orc barely misses you.
You hear some strange, mumbled words.
A puff of flame appears from out of thin air!
The puff of flame hits you!
* * * LOW HITPOINT WARNING * * *
You climb upwards.
Reactivating autopickup.
There is a stone staircase leading down here.
Deactivating autopickup; reactivate with Ctrl-A.
You miss something. The orc hits you with a +0 hand axe.
You die...

#### #....#..##.#
############.##'#####
#........)..........#
#...................#
#....[..............#
#...................#
#...................#
#............#..#####
#............'o@#
#............####
#............#
#............#
#............#
#............#
##############


You could see an orc.

Vanquished Creatures
  An ogre (D:4)
  A necrophage (D:3)
  2 orc wizards
  6 adders
  2 worms
  5 orcs
  2 bats (D:2)
  6 endoplasms
  3 giant cockroaches
  6 goblins
  7 hobgoblins
  A quokka (D:3)
  5 ball pythons
  A frilled lizard (D:3)
  6 kobolds
  6 rats
60 creatures vanquished.

Notes
Turn   | Place    | Note
-------+----------+-------------------------------------------
     0 | D:1      | Crownlay the Octopode Earth Elementalist began the quest
                  | for the Orb.
     0 | D:1      | Reached XP level 1. HP: 11/11 MP: 3/3
   438 | D:1      | Reached XP level 2. HP: 17/17 MP: 5/5
   623 | D:1      | Found a faded altar of an unknown god.
  1273 | D:1      | Reached XP level 3. HP: 12/21 MP: 6/6
  2189 | D:2      | Reached XP level 4. HP: 27/27 MP: 7/7
  3678 | D:3      | Reached XP level 5. HP: 31/31 MP: 3/8
  4015 | D:4      | Noticed an ogre
  4021 | D:4      | Killed an ogre
  4022 | D:4      | Reached skill level 1 in Fighting
  4022 | D:4      | Reached skill level 5 in Stealth
  4022 | D:4      | Reached XP level 6. HP: 38/38 MP: 5/9
  4030 | D:4      | Noticed a necrophage
  4051 | D:3      | Killed a necrophage
  4052 | D:3      | Reached skill level 5 in Earth Magic
  4192 | D:3      | HP: 1/39 [something/puff of flame (10)]
  4194 | D:2      | Slain by an orc

Illustrated notes

Levels and vault maps discovered:
D:1:      nicolae_arrival_washed_ashore, layout_loops_corners,
          shapermc_ecumenical_altar_pompeii, minmay_pentomino_r4
D:2:      layout_basic, hex_intersection, minmay_misc_feat_encased,
          minmay_misc_feat_tiny
D:3:      layout_loops_corners
D:4:      layout_cave_pods, minmay_temple_entry_statues_pillars,
          minmay_misc_feat_room

Skill      XL: |  1  2  3  4  5  6 |
---------------+-------------------+-----
Earth Magic    | 4 5 |  5.1
Stealth        | 3 4 5 |  5.6
Fighting       | 1 2 |  2.1
Dodging        | |  2.0
Spellcasting   | |  2.9
Transmutations | |  1.0

Action                   |  1- 3 |  4- 6 || total
-------------------------+-------+-------++-------
Melee: Unarmed           |    17 |       ||    17
       Tentacles         |    15 |     9 ||    24
       Constrict         |    14 |     9 ||    23
       Dagger            |    49 |    43 ||    92
 Cast: Sandblast         |     5 |    33 ||    38
 Stab: Sleeping          |    10 |     2 ||    12
Armor: Skin              |     7 |     3 ||    10
Dodge: Dodged            |    22 |    40 ||    62
